AoeStats
← hemba3d

MegaRandom

509714402Analyzed
2v2 RM · 3d ago on Sep 27, 2026· 40m 29s· 4 players
Game mode
Random Map
Map size
Medium (4 player)
Population
200
Speed
Normal
Resources
Standard
Victory
Conquest
Starting age
Dark Age
Ending age
Imperial Age
RankedLock teamsTeams togetherTeam positionsShared explorationLock speedFull tech treeHidden civsTurbo modeCheats
Victory
Defeat
🇲🇽 Bohemians · Mexico
313
+8
🇺🇸 Teutons · United States
309
+8
🇸🇪 Khmer · Sweden
132
-8
🇸🇪 Franks · Sweden
132
-8
hemba3d
10:22 Feudal Age
24:18 Castle Age
41:41 Imperial Age
Dan-R-Z
6:36 Loom
10:57 Feudal Age
17:43 Castle Age
19:50 Double-Bit Axe
22:21 Man-at-Arms
34:02 Imperial Age
37:42 Wheelbarrow
TheBuzzSaw304
1:31 Loom
10:09 Feudal Age
11:31 Wheelbarrow
11:38 Double-Bit Axe
13:04 Forging
13:48 Town Watch
16:05 Gold Mining
20:08 Bloodlines
20:18 Stone Mining
21:08 Horse Collar
26:55 Castle Age
25:24 Scale Mail Armor
28:13 Hand Cart
29:22 Bow Saw
29:51 Fletching
31:18 Town Patrol
31:34 Masonry
31:45 Ballistics
33:53 Iron Casting
33:24 Scale Barding Armor
36:12 Fortified Wall
36:42 Ironclad
37:55 Pikeman
38:32 Heated Shot
39:50 Caravan
42:34 Imperial Age
40:21 Heavy Plow
40:56 Chain Mail Armor
Wendy9235
1:16 Loom
10:17 Feudal Age
11:38 Wheelbarrow
11:30 Horse Collar
12:30 Town Watch
12:44 Arson
24:42 Castle Age
23:13 Double-Bit Axe
24:15 Scale Mail Armor
25:44 Heavy Plow
27:47 Caravan
28:18 Coinage
31:08 Hand Cart
33:05 Bow Saw
36:13 Town Patrol
38:00 Forging
38:06 Chain Mail Armor
37:58 Scale Barding Armor
37:55 Padded Archer Armor
38:21 Ballistics
Connection lost

Rejoining the realm…

Still unreachable

The connection could not be restored.

Session expired

The server has moved on; the page needs a fresh start.